 Dungeon Crawl Stone Soup version 0.28.0-53-g5a82cb258f (webtiles) character file.

Game seed: 17498119634493203969

163 Descartes the Ruffian (level 5, -5/48 HPs)
             Began as a Troll Wanderer on May 31, 2022.
             Slain by a mummy (11 damage)
             ... in an ossuary.
             The game lasted 00:04:33 (2794 turns).

Descartes the Ruffian (Troll Wanderer)              Turns: 2794, Time: 00:04:34

Health: -5/48      AC:  4    Str: 21    XL:     5   Next: 20%
Magic:  0/5        EV:  9    Int: 11    God:
Gold:   135        SH:  0    Dex:  7    Spells: 5/6 levels left

rFire   . . .      SeeInvis .   a - +0 dagger (vorpal)
rCold   . . .      Faith    .   (no shield)
rNeg    . . .      Spirit   +   d - +0 robe
rPois   .          Reflect  .   (helmet restricted)
rElec   .          Harm     .   (no cloak)
rCorr   .          Rampage  .   (gloves unavailable)
Will    .....                   (boots unavailable)
Stlth   +.........              k - amulet of guardian spirit
HPRegen 0.96/turn               l - ring of wizardry
MPRegen 0.09/turn               (no ring)

@: mighty
A: large, unfitting armour, claws 3, regeneration 1, shaggy fur 1, tough skin 1
a: no special abilities


You were in an ossuary.
You visited 1 branch of the dungeon, and saw 4 of its levels.
You also visited: Ossuary.

You collected 135 gold pieces.

Inventory:

Hand Weapons
 a - a +0 vorpal dagger (weapon)
Missiles
 b - a curare-tipped dart (quivered)
 f - 91 stones
Armour
 d - a +0 robe (worn)
Jewellery
 k - an amulet of guardian spirit (around neck)
 l - a ring of wizardry (left claw)
Scrolls
 c - a scroll of fog
 n - a scroll of vulnerability
Potions
 g - a potion of flight {unknown}
 h - a potion of berserk rage {unknown}
 i - a potion of curing
 j - a potion of mutation {unknown}
 m - 2 potions of resistance {unknown}


   Skills:
 - Level 1.5 Fighting
 - Level 1.7 Throwing
 - Level 1.5 Dodging
 + Level 3.4 Unarmed Combat
 - Level 1.2 Spellcasting
 + Level 3.0 Translocations


You had 5 spell levels left.
You knew the following spells:

 Your Spells              Type           Power      Damage    Failure   Level
a - Apportation           Tloc           14%        N/A       3%          1

Your spell library contained the following spells:

 Spells                   Type           Power      Damage    Failure   Level
 Lesser Beckoning         Tloc           7%         N/A       11%         3


Dungeon Overview and Level Annotations

Branches:
Dungeon (4/15)            Ossuary (1/1)
 Temple: D:4-7

Altars:
Hepliaklqana

Annotations:
Ossuary Menkaure


Innate Abilities, Weirdness & Mutations

You are too large for most types of armour.
You have claws for hands.
Your natural rate of healing is unusually fast.
You are covered in fur. (AC +1)
You have tough skin. (AC +1)


Message History

The mummy is moderately damaged.
The mummy hits you!
You hit the mummy. Your claw misses the mummy.
The mummy is heavily damaged.
You barely miss the mummy.
The mummy is heavily damaged.
Menkaure calls on the powers of darkness!
Your body is wracked with pain!
* * * LOW HITPOINT WARNING * * *
The mummy hits you.
* * * LOW HITPOINT WARNING * * *
You hit the mummy.
The mummy is severely damaged.
You barely miss the mummy.
The mummy is severely damaged.
The mummy misses you.
You hit the mummy but do no damage.
The mummy is severely damaged.
The sentinel's mark upon you fades away.
The mummy hits you.
* * * LOW HITPOINT WARNING * * *
Unknown command.
You feel better.
You feel very mighty all of a sudden. The mummy hits you.
You puncture the mummy!
You destroy the mummy!
You puncture the mummy!
The mummy is severely damaged.
You barely miss the mummy.
The mummy is severely damaged.
Menkaure forgets how to speak, silenced by the ages.
The mummy hits you!
* * * LOW HITPOINT WARNING * * *
You barely miss the mummy.
The mummy is severely damaged.
You barely miss the mummy.
The mummy is severely damaged.
The mummy hits you!
You die...

##..##..##..####..##..##..##
##..##..##..## ##..##..##..#
##..##..##..## ##..##..##..
##..##..##..## ##..##..##.
##..##..##..## ##..##..##
##..##..##..## ##..##..#
#..##..##..## ##..##..
..##..##..############## ##^.##.
.##..##.........@MZM.... ##..##
##..##########################..#
#..^.............................
#################################
.................................
#################################


You could see Menkaure (fast), a mummy and a hobgoblin zombie.

Vanquished Creatures
  Natasha (D:2)
  2 mummies (Ossuary)
  An adder (D:2)
  A worm (D:2)
  2 dart slugs (D:1)
  An orc (D:3)
  5 ball pythons
  10 bats
  3 giant cockroaches (D:1)
  4 goblins
  6 hobgoblins
  4 kobolds
  5 quokkas
  4 frilled lizards
  8 gnoll skeletons (Ossuary)
  4 gnoll zombies (Ossuary)
  A goblin skeleton (Ossuary)
  7 goblin zombies (Ossuary)
  A hobgoblin skeleton (Ossuary)
  3 hobgoblin zombies (Ossuary)
  7 kobold skeletons (Ossuary)
  3 kobold zombies (Ossuary)
  3 orc skeletons (Ossuary)
  4 orc zombies (Ossuary)
  6 rats
  5 rat skeletons (Ossuary)
  3 rat zombies (Ossuary)
104 creatures vanquished.

Notes
Turn   | Place    | Note
-------+----------+-------------------------------------------
     0 | D:1      | Descartes the Troll Wanderer began the quest for the Orb.
     0 | D:1      | Descartes set off with the following items: a +0 vorpal
                  | dagger, a curare-tipped dart, a scroll of fog, a +0 robe;
                  | and the following spell memorised: Apportation; and the
                  | following spells available to memorise: Lesser Beckoning
     0 | D:1      | Reached XP level 1. HP: 19/19 MP: 1/1
   229 | D:1      | Reached skill level 1 in Unarmed Combat
   233 | D:1      | Reached XP level 2. HP: 23/27 MP: 2/2
   669 | D:1      | Reached XP level 3. HP: 33/33 MP: 3/3
  1017 | D:2      | Found a hazy altar of Hepliaklqana.
  1261 | D:2      | Noticed Natasha
  1277 | D:2      | Killed Natasha
  1278 | D:2      | Reached XP level 4. HP: 26/41 MP: 4/4
  2340 | D:4      | Found a sand-covered staircase.
  2349 | Ossuary  | Entered an ossuary
  2767 | Ossuary  | Noticed Menkaure
  2782 | Ossuary  | Reached XP level 5. HP: 33/48 MP: 2/5
  2794 | Ossuary  | Slain by a mummy

Illustrated notes

Levels and vault maps discovered:
D:1:      amcnicky_arrival_underground_garden, layout_basic,
          hangedman_decor_clover_reticule, kennysheep_decorative_pillar
D:2:      layout_loops_ring, basic_altar, chequers_serial_rivers_micro_c,
          uniq_natasha
D:3:      layout_basic, serial_park_tiny_1, dk_vineyard_1
D:4:      layout_basic, minmay_temple_entry_junction, enter_ossuary_1,
          kennysheep_nub
Ossuary:  ossuary_due_pyramid

Skill      XL: |  1  2  3  4 |
---------------+-------------+-----
Unarmed Combat | 1 2 3 |  3.4
Translocations | 2 3 |  3.0
Fighting       | |  1.5
Throwing       | |  1.7
Dodging        | |  1.5
Spellcasting   | |  1.2

Action                   |  1- 3 |  4- 6 || total
-------------------------+-------+-------++-------
Melee: Dagger            |   221 |   261 ||   482
       Punch             |     6 |     6 ||    12
  Use: Scroll            |       |     2 ||     2
       Potion            |       |     2 ||     2
Armor: Robe              |   142 |    81 ||   223
Dodge: Dodged            |   145 |    93 ||   238
